[Event "FIDE WCCC Open-12 2024"]
[Site "Montesilvano"]
[Date "2024.11.18"]
[Round "1.1"]
[White "Golis, Wiktor"]
[Black "Ivarlac, Vladislav"]
[Result "1-0"]
[ECO "C07"]
[WhiteElo "2343"]
[BlackElo "1867"]
[PlyCount "43"]
[EventDate "2024.11.18"]
[EventType "swiss"]
[EventCountry "ITA"]
[TimeControl "5400+30"]

1. e4 e6 2. d4 d5 3. Nd2 c5 4. Ngf3 Nf6 5. exd5 Nxd5 6. dxc5 Bxc5 7. Ne4 Be7 8. c4 Nb4 9. Bf4 Qxd1+ 10. Rxd1 Nxa2 11. Nd6+ Bxd6 12. Bxd6 Nc6 13. Nd4 Nab4 14. Nb5 Na6 15. Ba3 Ne7 16. Nd6+ Kf8 17. Nxc8 Rxc8 18. Rd7 Re8 19. Rxb7 f6 20. c5 Nb8 21. Bb5 Nec6 22. Rc7 1-0

[Event "FIDE WCCC Open-12 2024"]
[Site "Montesilvano"]
[Date "2024.11.18"]
[Round "1.2"]
[White "Aadik Theophane Lenin"]
[Black "Smirnov, Mark"]
[Result "1/2-1/2"]
[ECO "D24"]
[WhiteElo "1857"]
[BlackElo "2300"]
[PlyCount "83"]
[EventDate "2024.11.18"]
[EventType "swiss"]
[EventCountry "ITA"]
[TimeControl "5400+30"]

1. d4 Nf6 2. c4 e6 3. Nf3 d5 4. Nc3 dxc4 5. e4 b5 6. e5 Nd5 7. Nxb5 Nb6 8. Be2 Nc6 9. O-O Be7 10. Qd2 Ba6 11. Nc3 O-O 12. Qf4 f5 13. exf6 Bxf6 14. Rd1 Qe7 15. Qg4 Rad8 16. Ne4 Kh8 17. Neg5 e5 18. Qe4 g6 19. Qxc6 exd4 20. Qe6 Qg7 21. Bf1 d3 22. Rb1 Bc8 23. Qc6 Rd6 24. Qc5 Rd5 25. Qa3 Bf5 26. Be3 h6 27. Nh3 Bxh3 28. gxh3 Be7 29. Qxa7 Rxf3 30. Bg2 Rxe3 31. fxe3 Rc5 32. b4 Rb5 33. Qxc7 Qe5 34. Qc6 Bd6 35. Kf1 Qf6+ 36. Kg1 Qe5 37. Kf1 Nd5 38. Bxd5 Rxd5 39. Qxc4 Qxe3 40. Qxd5 Qe2+ 41. Kg1 Qxh2+ 42. Kf1 1/2-1/2

[Event "FIDE WCCC Open-12 2024"]
[Site "Montesilvano"]
[Date "2024.11.18"]
[Round "1.3"]
[White "Ritzerveld, Noah"]
[Black "Xia, Jinnan"]
[Result "1/2-1/2"]
[ECO "B90"]
[WhiteElo "2285"]
[BlackElo "1850"]
[PlyCount "139"]
[EventDate "2024.11.18"]
[EventType "swiss"]
[EventCountry "ITA"]
[TimeControl "5400+30"]

1. e4 c5 2. Nf3 d6 3. d4 cxd4 4. Nxd4 Nf6 5. Nc3 a6 6. f3 e5 7. Nb3 Be6 8. Be3 h5 9. Nd5 Bxd5 10. exd5 Nbd7 11. Qd2 g6 12. O-O-O b5 13. Bg5 Rc8 14. Kb1 Qc7 15. Na5 Nxd5 16. Qxd5 Qxa5 17. Bd3 Rg8 18. c4 Nb6 19. Qb7 bxc4 20. Be3 Qd5 21. Qxb6 cxd3 22. Qxa6 Ra8 23. Rxd3 Rxa6 24. Rxd5 Be7 25. b4 Kd7 26. Kb2 Ke6 27. Rhd1 Rga8 28. Ra5 Rxa5 29. bxa5 Rxa5 30. Kb3 d5 31. a4 f5 32. Bb6 Ra8 33. a5 d4 34. f4 Bd8 35. Kc4 exf4 36. Rxd4 Bxb6 37. axb6 g5 38. Kc5 Rc8+ 39. Kb5 Ke5 40. b7 Rb8 41. Rd7 g4 42. Kc4 f3 43. gxf3 gxf3 44. Kd3 Kf4 45. Kd2 Re8 46. Re7 Rg8 47. Rg7 Rd8+ 48. Ke1 f2+ 49. Ke2 f1=Q+ 50. Kxf1 Rd1+ 51. Kg2 Rb1 52. Rc7 Rb2+ 53. Kg1 Kg4 54. Rg7+ Kf3 55. Rg3+ Kf4 56. Rg7 h4 57. Rc7 Kg4 58. Rc4+ f4 59. Rc7 Kf3 60. Rc3+ Kg4 61. h3+ Kf5 62. Rc5+ Ke4 63. Rc4+ Ke3 64. Rc3+ Kd4 65. Rc7 f3 66. Rc2 Rxb7 67. Kf2 Rf7 68. Ra2 Rf4 69. Ra3 Ke4 70. Re3+ {[%emt 0:03:57] Ke5} 1/2-1/2

[Event "FIDE WCCC Open-12 2024"]
[Site "Montesilvano"]
[Date "2024.11.18"]
[Round "1.4"]
[White "Anagnostopoulos, Panagiotis"]
[Black "Lacan Rus, David"]
[Result "0-1"]
[ECO "A15"]
[WhiteElo "1848"]
[BlackElo "2274"]
[PlyCount "82"]
[EventDate "2024.11.18"]
[EventType "swiss"]
[EventCountry "ITA"]
[TimeControl "5400+30"]

1. Nf3 Nf6 2. c4 g6 3. b3 Bg7 4. Bb2 d6 5. g3 e5 6. d3 O-O 7. Bg2 Nc6 8. O-O Re8 9. Nc3 h6 10. Nd2 Nd4 11. b4 c6 12. Rc1 h5 13. e3 Nf5 14. Nde4 Be6 15. Ng5 Bd7 16. h4 Ng4 17. Qf3 Bh6 18. Nce4 a5 19. Rce1 f6 20. Nh3 axb4 21. Ra1 Be6 22. Qe2 d5 23. cxd5 cxd5 24. Nd2 Qb6 25. d4 exd4 26. exd4 Qd6 27. Qd3 Nxh4 28. Rfe1 Bf5 29. Rxe8+ Rxe8 30. Qb5 Rd8 31. Nf1 Nxg2 32. Kxg2 Qe6 33. Bc1 Be4+ 34. Kg1 Ne5 35. dxe5 Qxh3 36. f3 Bxf3 37. Kf2 Qg2+ 38. Ke1 Bf8 39. Qd3 fxe5 40. Rb1 Be4 41. Qe3 Bxb1 0-1

[Event "FIDE WCCC Open-12 2024"]
[Site "Montesilvano"]
[Date "2024.11.18"]
[Round "1.5"]
[White "Sahbudak, Baris Cinar"]
[Black "Berdashkevich, Makar"]
[Result "0-1"]
[ECO "B23"]
[WhiteElo "2264"]
[BlackElo "1848"]
[PlyCount "88"]
[EventDate "2024.11.18"]
[EventType "swiss"]
[EventCountry "ITA"]
[TimeControl "5400+30"]

1. e4 c5 2. Nc3 d6 3. f4 g6 4. Nf3 Bg7 5. Bb5+ Bd7 6. Bxd7+ Qxd7 7. d3 Nc6 8. O-O e6 9. f5 O-O-O 10. fxe6 fxe6 11. Be3 h6 12. d4 cxd4 13. Nxd4 Nf6 14. Nxc6 Qxc6 15. Qd4 Rhf8 16. Qxa7 Nxe4 17. Na4 Kd7 18. Qa5 Ke7 19. Qb4 Rf5 20. Rxf5 gxf5 21. c3 Be5 22. Re1 Kf7 23. Nb6 Rg8 24. Re2 Rg4 25. Qb3 Nc5 26. Bxc5 Qxc5+ 27. Kh1 Rf4 28. g3 Rf1+ 29. Kg2 Qg1+ 30. Kh3 Rf2 31. Rxf2 Qxf2 32. Qb5 Bf6 33. Nc8 Kg6 34. Nxd6 Kh7 35. Ne8 Be7 36. Nc7 Qf3 37. Qc4 b5 38. Nxb5 h5 39. Nd4 Qg4+ 40. Kg2 Qe4+ 41. Kf2 Bf6 42. Qc7+ Kg6 43. Qc4 f4 44. Qa4 Qe3+ 0-1

[Event "FIDE WCCC Open-12 2024"]
[Site "Montesilvano"]
[Date "2024.11.18"]
[Round "1.6"]
[White "Konstantinides, Savvas"]
[Black "Negrean, Andrei"]
[Result "0-1"]
[ECO "B65"]
[WhiteElo "1839"]
[BlackElo "2255"]
[PlyCount "88"]
[EventDate "2024.11.18"]
[EventType "swiss"]
[EventCountry "ITA"]
[TimeControl "5400+30"]

1. e4 c5 2. Nf3 d6 3. d4 Nf6 4. Nc3 cxd4 5. Nxd4 Nc6 6. Bg5 e6 7. Qd2 Be7 8. f4 Nxd4 9. Qxd4 O-O 10. O-O-O h6 11. Bh4 Qa5 12. e5 dxe5 13. Qxe5 Qxe5 14. fxe5 Nd5 15. Bxe7 Nxe7 16. Bd3 Nc6 17. Rhe1 Rd8 18. Nb5 Kf8 19. Be4 Rxd1+ 20. Rxd1 Nxe5 21. Rd8+ Ke7 22. Rg8 g5 23. Nxa7 Rxa7 24. Rxc8 f5 25. Rc7+ Kd6 26. Rxb7 Rxa2 27. Bd3 Nxd3+ 28. cxd3 Ra1+ 29. Kd2 Rg1 30. b4 Rxg2+ 31. Kc3 Rxh2 32. b5 Rh1 33. b6 Rb1 34. Rh7 Rxb6 35. Rxh6 Ke5 36. d4+ Ke4 37. Kc4 Rd6 38. Kc5 Rd5+ 39. Kc6 Rxd4 40. Rxe6+ Kf3 41. Kc5 Rd1 42. Kc4 g4 43. Rf6 f4 44. Kc3 g3 {[%emt 0:08:29] Kd4} 0-1

[Event "FIDE WCCC Open-12 2024"]
[Site "Montesilvano"]
[Date "2024.11.18"]
[Round "1.7"]
[White "Aansh Nandan Nerurkar"]
[Black "Kozhedub, Ivan"]
[Result "1-0"]
[ECO "B06"]
[WhiteElo "2247"]
[BlackElo "1826"]
[PlyCount "91"]
[EventDate "2024.11.18"]
[EventType "swiss"]
[EventCountry "ITA"]
[TimeControl "5400+30"]

1. e4 c5 2. Nf3 g6 3. c3 d5 4. exd5 Qxd5 5. d4 Bg7 6. Na3 cxd4 7. Bc4 Qd8 8. Qb3 e6 9. Nxd4 Ne7 10. O-O O-O 11. Rd1 Qa5 12. Nab5 Nbc6 13. Nf3 a6 14. Nd6 b5 15. Be2 Nf5 16. Ne4 e5 17. Bg5 Be6 18. Qc2 Rac8 19. Nc5 Qb6 20. Nxe6 fxe6 21. Qe4 Qc7 22. Bd3 Rf7 23. Qe2 Rcf8 24. a4 Nd6 25. axb5 axb5 26. Rf1 b4 27. Nd2 bxc3 28. bxc3 Ne7 29. Bxe7 Rxe7 30. Rac1 Qc5 31. Ne4 Nxe4 32. Bxe4 Rd7 33. g3 Bh6 34. Rc2 Kg7 35. Kg2 Rfd8 36. Rb1 Rd2 37. Rxd2 Bxd2 38. Rb7+ Kg8 39. Qg4 Qc4 40. Rxh7 Bg5 41. Rb7 Rd2 42. Rb4 Qc5 43. Qxe6+ Kf8 44. Rb8+ Bd8 45. Qf6+ Ke8 46. Bxg6+ 1-0

[Event "FIDE WCCC Open-12 2024"]
[Site "Montesilvano"]
[Date "2024.11.18"]
[Round "1.8"]
[White "Padure, Dragos-Alexandru"]
[Black "Torres Rebolledo, Alvaro"]
[Result "1-0"]
[ECO "B13"]
[WhiteElo "1822"]
[BlackElo "2216"]
[PlyCount "125"]
[EventDate "2024.11.18"]
[EventType "swiss"]
[EventCountry "ITA"]
[TimeControl "5400+30"]

1. e4 c6 2. d4 d5 3. exd5 cxd5 4. Bd3 Nc6 5. c3 Nf6 6. Bf4 Bg4 7. Qb3 Qd7 8. Nd2 e6 9. Ngf3 Bd6 10. Bxd6 Qxd6 11. O-O O-O 12. Rfe1 Qc7 13. Qc2 Rfc8 14. Rac1 Bxf3 15. Nxf3 Rab8 16. Qe2 a6 17. h3 b5 18. Ne5 Ne7 19. Qf3 Rb6 20. g4 Ng6 21. Qg3 Nxe5 22. dxe5 Nd7 23. f4 Rc6 24. Rcd1 b4 25. cxb4 Qb6+ 26. Qf2 Qxb4 27. Kh1 Nc5 28. Bb1 Na4 29. Kh2 Nxb2 30. Rd2 Nc4 31. Rde2 Na3 32. Bd3 Qc3 33. Re3 Qb4 34. R3e2 Nb5 35. f5 Qd4 36. Re3 exf5 37. Bxf5 Rd8 38. Qh4 Qf4+ 39. Kh1 Re8 40. Qxh7+ Kf8 41. Bd7 Rh6 42. Qd3 Re7 43. Qxd5 Kg8 44. Bxb5 Qxg4 45. Bf1 Re8 46. Bg2 Qg5 47. Rf3 Re7 48. Qd8+ Kh7 49. Rxf7 Rg6 50. Be4 Qh4 51. Bxg6+ Kxg6 52. Qxe7 Qxe1+ 53. Kg2 Qe4+ 54. Rf3 Qe2+ 55. Kg3 Qe1+ 56. Kf4 Qd2+ 57. Ke4 Qe2+ 58. Re3 Qc4+ 59. Kf3 Qf1+ 60. Kg4 Qg2+ 61. Kh4 Qf2+ 62. Rg3+ Kf5 63. Qf7+ 1-0

[Event "FIDE WCCC Open-12 2024"]
[Site "Montesilvano"]
[Date "2024.11.18"]
[Round "1.9"]
[White "Saminskij, Jan"]
[Black "Dauren, Darmen"]
[Result "1/2-1/2"]
[ECO "B02"]
[WhiteElo "2202"]
[BlackElo "1820"]
[PlyCount "108"]
[EventDate "2024.11.18"]
[EventType "swiss"]
[EventCountry "ITA"]
[TimeControl "5400+30"]

1. e4 c5 2. Nf3 Nf6 3. Nc3 d5 4. e5 Nfd7 5. Nxd5 Nxe5 6. Ne3 Nxf3+ 7. Qxf3 Nc6 8. c3 a6 9. Be2 e6 10. O-O Be7 11. Rd1 O-O 12. b3 Bd7 13. d4 cxd4 14. cxd4 Bf6 15. Bb2 Rb8 16. Ng4 Re8 17. a3 Na7 18. Qg3 Kh8 19. Rab1 Nb5 20. a4 Nc7 21. Nxf6 gxf6 22. d5 e5 23. Bd3 Rg8 24. Qh4 Rg7 25. Be4 Ne8 26. d6 b6 27. Rbc1 f5 28. Qxd8 Rxd8 29. Bb7 f6 30. Bxa6 Be6 31. Rc6 Bxb3 32. Rd3 Bxa4 33. Rxb6 Rgd7 34. Ba3 Ra7 35. Rc3 Bd7 36. Bf1 Ng7 37. Rcb3 Ne6 38. Rb7 Rda8 39. Bc1 f4 40. Bb2 Nc5 41. Rxa7 Rxa7 42. Rc3 Ne6 43. h4 Rb7 44. Rc2 Rb6 45. Rd2 Ng7 46. Ba3 Rb1 47. Rc2 Ne6 48. g4 Nd4 49. Rc7 Bxg4 50. d7 Nf3+ 51. Kg2 Nxh4+ 52. Kg1 Nf3+ 53. Kg2 Nh4+ 54. Kg1 Nf3+ 1/2-1/2

[Event "FIDE WCCC Open-12 2024"]
[Site "Montesilvano"]
[Date "2024.11.18"]
[Round "1.10"]
[White "Le, Anh Tu"]
[Black "Kuandykuly, Danis"]
[Result "0-1"]
[ECO "B56"]
[WhiteElo "1812"]
[BlackElo "2199"]
[PlyCount "90"]
[EventDate "2024.11.18"]
[EventType "swiss"]
[EventCountry "ITA"]
[TimeControl "5400+30"]

1. e4 c5 2. Nf3 d6 3. d4 cxd4 4. Nxd4 Nf6 5. Nc3 Nc6 6. f3 e5 7. Nb3 Be6 8. Bg5 Be7 9. Qd2 h6 10. Be3 d5 11. exd5 Nxd5 12. Nxd5 Qxd5 13. Qxd5 Bxd5 14. O-O-O O-O-O 15. c4 Be6 16. Be2 b6 17. Rd3 Rd7 18. Rxd7 Rf8 19. Rd8+ Rxd8 20. Rd1 Rxd1+ 21. Kxd1 f5 22. a3 Bf6 23. Kc2 e4 24. fxe4 fxe4 25. Nd2 Bf5 26. h3 Kc7 27. Nf1 Nd4+ 28. Bxd4 Bxd4 29. Ng3 Bh7 30. Bg4 Be5 31. Nf1 Bf4 32. Kc3 Kd6 33. Be2 Be5+ 34. Kc2 Bd4 35. b4 Ke5 36. Kb3 Bg6 37. Ka4 Be8+ 38. Kb3 Bc6 39. g3 Bd7 40. g4 Kf4 41. Kc2 Ba4+ 42. Kc1 e3 43. Nh2 Bc6 44. Kd1 Kg3 45. Nf1+ Kf2 0-1

[Event "FIDE WCCC Open-12 2024"]
[Site "Montesilvano"]
[Date "2024.11.18"]
[Round "1.11"]
[White "Liu, Patrick"]
[Black "Lee, Tsuen Jin Aiesec"]
[Result "1-0"]
[ECO "C02"]
[WhiteElo "2192"]
[BlackElo "1806"]
[PlyCount "50"]
[EventDate "2024.11.18"]
[EventType "swiss"]
[EventCountry "ITA"]
[TimeControl "5400+30"]

1. e4 e6 2. d4 d5 3. e5 c5 4. c3 Nc6 5. Nf3 Qb6 6. Bd3 cxd4 7. O-O Bd7 8. Re1 Nge7 9. h4 h6 10. h5 a6 11. Nbd2 dxc3 12. bxc3 Na5 13. Ba3 Nec6 14. Rb1 Qc7 15. Bxf8 Rxf8 16. c4 dxc4 17. Nxc4 Nxc4 18. Bxc4 O-O-O 19. Qe2 Nb8 20. Nd4 Nc6 21. Nxc6 Bxc6 22. Rec1 Rd4 23. Bxa6 Re4 24. Bxb7+ Kd8 25. Qd3+ Ke8 1-0

[Event "FIDE WCCC Open-12 2024"]
[Site "Montesilvano"]
[Date "2024.11.18"]
[Round "1.12"]
[White "Liu, Richard Jingjie"]
[Black "Radzimski, Antoni"]
[Result "0-1"]
[ECO "C56"]
[WhiteElo "1795"]
[BlackElo "2188"]
[PlyCount "68"]
[EventDate "2024.11.18"]
[EventType "swiss"]
[EventCountry "ITA"]
[TimeControl "5400+30"]

1. e4 e5 2. Nf3 Nc6 3. Bc4 Nf6 4. d4 exd4 5. e5 d5 6. Bb5 Nd7 7. O-O Be7 8. Bxc6 bxc6 9. Nxd4 Nb8 10. c4 O-O 11. Nc3 c5 12. Nb3 d4 13. Nd5 Be6 14. Nxe7+ Qxe7 15. Qd3 Nc6 16. f4 Nb4 17. Qe2 Bf5 18. Qf3 Bd3 19. Rd1 Bxc4 20. Bd2 Bd5 21. Qg3 Nc6 22. Rac1 c4 23. Na5 Nxa5 24. Bxa5 d3 25. Bc3 Be6 26. Qf3 Qd7 27. h3 Bd5 28. Qf2 Qf5 29. Qe3 h5 30. Rd2 Rfe8 31. Qg3 Re6 32. Rf1 Rg6 33. Qe3 h4 34. Rdd1 Rxg2+ 0-1

[Event "FIDE WCCC Open-12 2024"]
[Site "Montesilvano"]
[Date "2024.11.18"]
[Round "1.13"]
[White "Diachek, Andrii"]
[Black "Zhang, Sean"]
[Result "1-0"]
[ECO "B51"]
[WhiteElo "2162"]
[BlackElo "1789"]
[PlyCount "53"]
[EventDate "2024.11.18"]
[EventType "swiss"]
[EventCountry "ITA"]
[TimeControl "5400+30"]

1. e4 c5 2. Nf3 Nc6 3. Bb5 d6 4. O-O Bd7 5. Re1 a6 6. Bf1 Nf6 7. c3 e6 8. d4 cxd4 9. cxd4 d5 10. e5 Ne4 11. Nbd2 Nxd2 12. Bxd2 Be7 13. Bc3 O-O 14. Bd3 b5 15. Bb1 Rc8 16. Qd3 g6 17. Qe3 Re8 18. Qf4 Qc7 19. Qh6 Bf8 20. Qh4 Qd8 21. Qf4 Be7 22. h4 Bb4 23. Bxb4 Nxb4 24. Qh6 f6 25. Bxg6 hxg6 26. Qxg6+ Kh8 27. exf6 1-0

[Event "FIDE WCCC Open-12 2024"]
[Site "Montesilvano"]
[Date "2024.11.18"]
[Round "1.14"]
[White "Simiyu Jadon"]
[Black "Guo, Ethan"]
[Result "1-0"]
[ECO "B55"]
[WhiteElo "1784"]
[BlackElo "2157"]
[PlyCount "59"]
[EventDate "2024.11.18"]
[EventType "swiss"]
[EventCountry "ITA"]
[TimeControl "5400+30"]

1. e4 c5 2. Nf3 d6 3. d4 cxd4 4. Nxd4 Nf6 5. Bd3 Nc6 6. Ne2 g6 7. O-O Bg7 8. c4 O-O 9. Nbc3 Ne5 10. b3 Nfd7 11. Be3 Ng4 12. Bf4 Nc5 13. h3 Ne5 14. Bc2 Bd7 15. Qd2 a5 16. Bh6 a4 17. Bxg7 Kxg7 18. f4 Nc6 19. Nd5 e6 20. Ne3 axb3 21. axb3 Qb6 22. f5 Rxa1 23. Rxa1 Nb4 24. Kh1 Nxc2 25. Ng4 f6 26. Qh6+ Kf7 27. Qxh7+ Ke8 28. Ra8+ Qd8 29. Nxf6+ Rxf6 30. Qg8+ 1-0

[Event "FIDE WCCC Open-12 2024"]
[Site "Montesilvano"]
[Date "2024.11.18"]
[Round "1.15"]
[White "Shilon Rahav, Eliran"]
[Black "Pham, Le Thao Nguyen"]
[Result "1-0"]
[ECO "B50"]
[WhiteElo "2150"]
[BlackElo "2384"]
[PlyCount "83"]
[EventDate "2024.11.18"]
[EventType "swiss"]
[EventCountry "ITA"]
[TimeControl "5400+30"]

1. e4 c5 2. Nf3 d6 3. Nc3 Nf6 4. e5 dxe5 5. Nxe5 a6 6. g3 Qd6 7. Nf3 Bg4 8. Bg2 Nc6 9. O-O e6 10. d3 Nd4 11. Re1 Qd7 12. Bf4 Be7 13. Ne4 Nxe4 14. Rxe4 Bf6 15. c3 Nxf3+ 16. Bxf3 Bxf3 17. Qxf3 Rd8 18. Rd1 Qd5 19. a3 O-O 20. Qe3 Qh5 21. Rd2 Rd5 22. Bc7 Rc8 23. Rxe6 Rf8 24. Re8 Qf5 25. Re2 g5 26. Re4 Qd7 27. Be5 Rxd3 28. Qxc5 Be7 29. Qc4 b5 30. Qb3 Bc5 31. Qc2 f5 32. Rd4 Bxd4 33. Bxd4 Rf3 34. Re5 Re8 35. Qe2 Rxe5 36. Qxe5 Rd3 37. Qh8+ Kf7 38. Qxh7+ Ke6 39. Qg6+ Kd5 40. Qxg5 Kc4 41. Qg8+ Qd5 42. b3+ 1-0

[Event "FIDE WCCC Open-12 2024"]
[Site "Montesilvano"]
[Date "2024.11.18"]
[Round "1.16"]
[White "Wang, Zihao(Sh)"]
[Black "Golubovic, Erik"]
[Result "0-1"]
[ECO "B92"]
[WhiteElo "1838"]
[BlackElo "2147"]
[PlyCount "242"]
[EventDate "2024.11.18"]
[EventType "swiss"]
[EventCountry "ITA"]
[TimeControl "5400+30"]

1. e4 c5 2. Nf3 d6 3. d4 cxd4 4. Nxd4 Nf6 5. Nc3 a6 6. Be2 e5 7. Nb3 Be7 8. Be3 Be6 9. O-O O-O 10. Qd2 Nbd7 11. a4 Rc8 12. a5 Qc7 13. Rfd1 Qc6 14. Bf3 Rfe8 15. Qe1 h6 16. Nc1 Nc5 17. N1a2 Qc7 18. Nb4 Ncd7 19. Na4 Bd8 20. Nb6 Nxb6 21. axb6 Qb8 22. Qd2 Nd7 23. b3 Bxb6 24. Bxb6 Nxb6 25. Qxd6 Qxd6 26. Rxd6 Nd7 27. Rd2 Rc3 28. Bd1 Nf6 29. f3 Rec8 30. Ra5 Nd7 31. Na2 R3c5 32. Ra3 Nb6 33. c4 Bxc4 34. Rd6 Bb5 35. Nb4 Rc1 36. Kf2 Nd7 37. Ra2 Nc5 38. Rad2 Ne6 39. Nd5 Kh7 40. Ne7 R8c7 41. Nf5 Rb1 42. Bc2 Rb2 43. Bd1 Rxd2+ 44. Rxd2 Rd7 45. Rxd7 Bxd7 46. Nd6 Nd8 47. b4 Kg8 48. Be2 Kf8 49. Nc4 f6 50. Nb6 Be6 51. Ke3 Nc6 52. b5 axb5 53. Bxb5 Nd4 54. Bf1 Ke7 55. Kd3 Kd6 56. Kc3 Kc6 57. Na4 b5 58. Nb2 Kc5 59. Nd3+ Kb6 60. Nb4 Ka5 61. Bd3 Bf7 62. Bf1 Kb6 63. Bd3 Kc5 64. Na6+ Kb6 65. Nb4 Ne6 66. g3 Nc5 67. Bc2 Nb7 68. f4 Nd6 69. f5 Bc4 70. Bb1 Be2 71. Nd5+ Kc6 72. Kd2 Bf3 73. Ke3 Bh5 74. Kd3 Bf7 75. Nb4+ Kc5 76. Kc3 Bh5 77. Nd3+ Kb6 78. Nf2 Be8 79. Kb4 Bc6 80. Bc2 Nb7 81. Kc3 Nc5 82. Kb4 Na6+ 83. Kc3 Ka5 84. h4 Nc5 85. g4 Na4+ 86. Kb3 Be8 87. Nd3 Bf7+ 88. Ka3 Nb6 89. Kb2 Nc4+ 90. Kc3 Ne3 91. g5 Ng2 92. g6 Bc4 93. Nc5 Kb6 94. Kb4 Nxh4 95. Bd1 Kc6 96. Bg4 Ng2 97. Ne6 Bxe6 98. fxe6 Kd6 99. Kxb5 Nf4 100. Bf5 h5 101. Kc4 h4 102. Kc3 h3 103. Bg4 h2 104. Bf3 Ne2+ 105. Kd3 Ng3 106. Ke3 h1=Q 107. Bxh1 Nxh1 108. Kf3 Kxe6 109. Kg2 f5 110. exf5+ Kxf5 111. Kxh1 Kxg6 112. Kg2 Kf5 113. Kf3 e4+ 114. Ke3 Ke5 115. Ke2 Kf4 116. Kf2 e3+ 117. Ke2 Ke4 118. Ke1 Kf3 119. Kf1 e2+ 120. Ke1 g5 121. Kd2 Kf2 0-1

[Event "FIDE WCCC Open-12 2024"]
[Site "Montesilvano"]
[Date "2024.11.18"]
[Round "1.17"]
[White "Belin, Anton"]
[Black "Mai, Duc Kien"]
[Result "1-0"]
[ECO "B40"]
[WhiteElo "2138"]
[BlackElo "1771"]
[PlyCount "103"]
[EventDate "2024.11.18"]
[EventType "swiss"]
[EventCountry "ITA"]
[TimeControl "5400+30"]

1. e4 c5 2. Nf3 e6 3. b3 d5 4. exd5 exd5 5. Bb5+ Bd7 6. Bxd7+ Qxd7 7. O-O Nf6 8. Re1+ Be7 9. Ne5 Qd8 10. Bb2 O-O 11. d4 Nc6 12. Nxc6 bxc6 13. Nc3 Re8 14. dxc5 Bxc5 15. Rxe8+ Qxe8 16. Qf3 Qe6 17. Na4 Be7 18. Qc3 Qd7 19. Re1 Re8 20. Re3 Bd6 21. Nc5 Bxc5 22. Qxc5 Rxe3 23. Qxe3 Ne4 24. h3 Nd6 25. Qg3 f5 26. Qe5 h6 27. Bd4 a6 28. Qe2 Nb5 29. Bb6 Qb7 30. Qe6+ Kh7 31. Bc5 Nc3 32. Qxf5+ Kh8 33. a4 Ne4 34. Bd4 Qc7 35. Qg6 Kg8 36. f3 Ng5 37. h4 Nh7 38. Qe6+ Qf7 39. Qc8+ Nf8 40. Bc5 Qf4 41. h5 Qc1+ 42. Kh2 Qf4+ 43. Kh3 Qf7 44. Qxf8+ Qxf8 45. Bxf8 Kxf8 46. Kg4 Ke7 47. Kf5 Kf7 48. b4 Ke7 49. Ke5 Kd7 50. g4 Ke7 51. f4 Kd7 52. g5 1-0

[Event "FIDE WCCC Open-12 2024"]
[Site "Montesilvano"]
[Date "2024.11.18"]
[Round "1.18"]
[White "Lee, Daniel Joshua"]
[Black "Ambartsumian, Tyhran"]
[Result "0-1"]
[ECO "C54"]
[WhiteElo "1765"]
[BlackElo "2123"]
[PlyCount "60"]
[EventDate "2024.11.18"]
[EventType "swiss"]
[EventCountry "ITA"]
[TimeControl "5400+30"]

1. e4 e5 2. Nf3 Nc6 3. Bc4 Bc5 4. c3 Nf6 5. d3 d6 6. O-O a5 7. Nbd2 O-O 8. h3 h6 9. Re1 Be6 10. Bb5 Qb8 11. Nf1 Qa7 12. Be3 Bxe3 13. Rxe3 Ne7 14. d4 Ng6 15. Ng3 a4 16. d5 Bc8 17. c4 Nf4 18. Nf5 Ng6 19. Ng3 Qc5 20. Bxa4 Qxc4 21. Bb3 Qb4 22. Rc1 Nd7 23. Rxc7 Nc5 24. Nf5 Qb6 25. Rxc5 Qxc5 26. Rc3 Qb6 27. N3h4 Qd8 28. Qh5 Nf4 29. Qg4 Qg5 30. Qd1 Bxf5 0-1

[Event "FIDE WCCC Open-12 2024"]
[Site "Montesilvano"]
[Date "2024.11.18"]
[Round "1.19"]
[White "Luger, Sam"]
[Black "Yusupov, Rauf"]
[Result "1-0"]
[ECO "E02"]
[WhiteElo "2094"]
[BlackElo "1763"]
[PlyCount "93"]
[EventDate "2024.11.18"]
[EventType "swiss"]
[EventCountry "ITA"]
[TimeControl "5400+30"]

1. d4 d5 2. c4 e6 3. Nf3 Nf6 4. g3 Be7 5. Bg2 c6 6. O-O O-O 7. Nc3 Nbd7 8. Qd3 dxc4 9. Qxc4 Nd5 10. e4 Nxc3 11. Qxc3 Nf6 12. Ne5 Bd7 13. Bf4 Rc8 14. Rad1 Qb6 15. Nc4 Qb4 16. Qxb4 Bxb4 17. Bd6 Bxd6 18. Nxd6 Rc7 19. e5 Ne8 20. Ne4 f5 21. Nc5 g5 22. f4 g4 23. Rd2 Ng7 24. Rc1 Bc8 25. Kf2 Kf7 26. b4 Rd8 27. Nb3 Ne8 28. Rdc2 Rdd7 29. Ke3 Ke7 30. Nc5 Rd8 31. a4 a6 32. Nb3 Rdd7 33. Nc5 Rd8 34. Nb3 Rdd7 35. Na5 Rd8 36. Nc4 Rcd7 37. Rd2 Rc7 38. Nb6 Ng7 39. d5 exd5 40. Nxd5+ Kd7 41. Nxc7+ Kxc7 42. Rxd8 Kxd8 43. Rd1+ Kc7 44. Bf1 b5 45. axb5 axb5 46. Rd6 Ne6 47. Bd3 1-0

[Event "FIDE WCCC Open-12 2024"]
[Site "Montesilvano"]
[Date "2024.11.18"]
[Round "1.20"]
[White "Ilcic, Aleksa"]
[Black "Ivancic, Ivan"]
[Result "0-1"]
[ECO "D35"]
[WhiteElo "1757"]
[BlackElo "2091"]
[PlyCount "60"]
[EventDate "2024.11.18"]
[EventType "swiss"]
[EventCountry "ITA"]
[TimeControl "5400+30"]

1. d4 d5 2. c4 e6 3. cxd5 exd5 4. Nc3 c6 5. Bf4 Bd6 6. Bxd6 Qxd6 7. e3 Bf5 8. Bd3 Bxd3 9. Qxd3 Nf6 10. Nf3 Nbd7 11. O-O O-O 12. h3 Rfe8 13. Rfc1 Ne4 14. Ne2 a5 15. Rc2 Nb6 16. Ne5 f6 17. Qb3 Qc7 18. Nf3 Nc4 19. Rac1 a4 20. Qd3 Qb6 21. Rb1 a3 22. b4 Ned6 23. Nc3 Nb2 24. Qe2 Qxb4 25. Ne1 Ndc4 26. Nd3 Qd6 27. Nxb2 axb2 28. Rd1 b5 29. Nb1 Rxa2 30. Nd2 Na3 0-1

[Event "FIDE WCCC Open-12 2024"]
[Site "Montesilvano"]
[Date "2024.11.18"]
[Round "1.21"]
[White "Obidov, Biloliddin"]
[Black "Wang, Luis"]
[Result "1-0"]
[ECO "B07"]
[WhiteElo "2088"]
[BlackElo "1751"]
[PlyCount "57"]
[EventDate "2024.11.18"]
[EventType "swiss"]
[EventCountry "ITA"]
[TimeControl "5400+30"]

1. e4 d6 2. d4 Nf6 3. Nc3 g6 4. Be3 Bg7 5. f3 O-O 6. Qd2 e5 7. Nge2 Nbd7 8. O-O-O a6 9. h4 h5 10. Bh6 b5 11. g4 hxg4 12. h5 gxf3 13. Bxg7 Kxg7 14. Ng3 Rh8 15. Qg5 Kf8 16. dxe5 Nxe5 17. Qxe5 Bb7 18. Qf4 gxh5 19. Qxf3 h4 20. Nf5 b4 21. Nd5 Nxd5 22. exd5 Bc8 23. Bd3 a5 24. Nd4 Qg5+ 25. Kb1 Ra7 26. Rhg1 Qh5 27. Qf6 Qxd1+ 28. Rxd1 Rg8 29. Qd8+ 1-0

[Event "FIDE WCCC Open-12 2024"]
[Site "Montesilvano"]
[Date "2024.11.18"]
[Round "1.22"]
[White "Mikolavicius, Julius"]
[Black "Birmenko, Nikolay"]
[Result "1-0"]
[ECO "B23"]
[WhiteElo "1746"]
[BlackElo "2084"]
[PlyCount "157"]
[EventDate "2024.11.18"]
[EventType "swiss"]
[EventCountry "ITA"]
[TimeControl "5400+30"]

1. e4 c5 2. Nc3 Nc6 3. Bb5 Nd4 4. Bc4 e6 5. Nge2 Nf6 6. d3 a6 7. Nxd4 cxd4 8. Ne2 Bc5 9. O-O d5 10. exd5 Nxd5 11. Nf4 Ne7 12. Qh5 Qd6 13. Re1 O-O 14. Nh3 g6 15. Qg5 b5 16. Bf4 Qc6 17. Be5 f6 18. Bxf6 h6 19. Qxh6 Rxf6 20. Ng5 Ra7 21. Bxe6+ Bxe6 22. Rxe6 Qxe6 23. Qh7+ Kf8 24. Nxe6+ Rxe6 25. Qh3 Nf5 26. g4 Ne7 27. Kf1 Kg7 28. Re1 Rxe1+ 29. Kxe1 Nd5 30. Qf3 Re7+ 31. Kf1 Ne3+ 32. Kg1 Nxc2 33. Qc6 Re1+ 34. Kg2 Rc1 35. Qc7+ Kg8 36. Qc8+ Bf8 37. Kh3 a5 38. f4 a4 39. f5 gxf5 40. gxf5 b4 41. Qe6+ Kh8 42. Qe5+ Kh7 43. Qc7+ Kh8 44. b3 a3 45. f6 Rf1 46. Qxc2 Rxf6 47. Qc4 Bg7 48. Kg2 Rg6+ 49. Kh1 Rb6 50. h4 Kh7 51. Qc5 Rb8 52. h5 Rf8 53. Qxb4 Rf1+ 54. Kg2 Rd1 55. h6 Kxh6 56. Qxa3 Rd2+ 57. Kf1 Be5 58. Qa5 Bf4 59. Qb6+ Kg5 60. Qxd4 Rxa2 61. b4 Rc2 62. b5 Kg4 63. Qg7+ Kf3 64. Qb7+ Kg3 65. d4 Rd2 66. Qc6 Kg4 67. b6 Rxd4 68. b7 Rd1+ 69. Ke2 Rd2+ 70. Ke1 Rb2 71. Qc8+ Kg5 72. Qg8+ Kf5 73. Qf7+ Ke4 74. Qc4+ Kf5 75. Qc3 Rb1+ 76. Ke2 Kg4 77. Qg7+ Bg5 78. Qd7+ Kf4 79. Qc7+ {[%emt 0:33:00] Ke5} 1-0